 Dungeon Crawl Stone Soup version 0.30-a0-43-gbbf338a72c (webtiles) character file.

Game seed: 8572021761400194250

29385 Pereli the Unseen (level 13, -8/65 HPs)
             Began as a Spriggan Enchanter on Aug 31, 2022.
             Was a High Priest of Dithmenos.
             Killed by an exploding seven-headed hydra (44 damage)
             ... ignited by their inner flame
             ... on level 13 of the Dungeon.
             The game lasted 00:44:24 (19511 turns).

Pereli the Unseen (Spriggan Enchanter)             Turns: 19511, Time: 00:44:25

Health: -8/65      AC: 10    Str:  8    XL:     13   Next: 14%
Magic:  26/31      EV: 24    Int: 17    God:    Dithmenos [*****.]
Gold:   775        SH:  0    Dex: 16    Spells: 26/38 levels left

rFire   . . .      SeeInvis +    s - +2 dagger (drain)
rCold   + . .      Faith    .    (no shield)
rNeg    . . .      Spirit   .    B - +2 steam dragon scales
rPois   .          Reflect  .    h - +2 hat
rElec   .          Harm     .    E - +0 cloak
rCorr   .          Rampage  .    (gloves unavailable)
Will    ++...                    (boots unavailable)
Stlth   ++++++++++               (no amulet)
HPRegen 0.20/turn                j - ring of protection from cold
MPRegen 0.22/turn                f - ring of flight

@: flying, wreathed by umbra, studying Maces & Flails, very quick
A: very small, no large weapons, unfitting armour, see invisible, speed 3, horns
1, MP-powered wands
a: Renounce Religion, Shadow Step, Shadow Form


You were on level 13 of the Dungeon.
You worshipped Dithmenos.
Dithmenos was extremely pleased with you.
You visited 2 branches of the dungeon, and saw 14 of its levels.
You also visited: Bailey.

You collected 918 gold pieces.
You spent 143 gold pieces at shops.

Inventory:

Hand Weapons
 l - the +1 rapier of Infection {spect, Dex+2}
   (You found it on level 5 of the Dungeon)

   When its wielder attacks, the weapon's spirit leaps out and strikes again.
   The spirit shares a part of any damage it takes with its wielder.
   Dex:       It affects your dexterity (+2).
 n - a +3 spectral dagger
 s - a +2 dagger of draining (weapon)
Missiles
 H - 9 curare-tipped darts (quivered)
Armour
 h - a +2 hat (worn)
 q - a +2 pair of gloves
 B - +2 steam dragon scales (worn)
 E - a +0 cloak (worn)
 F - a +2 robe of resistance
Jewellery
 f - a ring of flight (right hand)
 j - a ring of protection from cold (left hand)
 o - a ring of positive energy
 v - a ring of protection from fire
Wands
 d - a wand of mindburst (18)
 w - a wand of iceblast (4)
 y - a wand of flame (9)
 C - a wand of polymorph (4)
 D - a wand of charming (6)
Scrolls
 a - a scroll of amnesia
 e - 3 scrolls of fear
 i - a scroll of immolation
 k - 3 scrolls of magic mapping
 p - 5 scrolls of identify
 u - a scroll of vulnerability
Potions
 b - a potion of resistance
 c - 4 potions of invisibility
 g - a potion of haste
 m - 4 potions of cancellation
 r - a potion of brilliance
 t - a potion of lignification
 x - a potion of ambrosia
 z - 2 potions of magic
 A - 8 potions of curing
 G - a potion of might


   Skills:
 + Level 6.5 Fighting
 + Level 8.7 Short Blades
 + Level 10.8 Dodging
 + Level 15.7 Stealth
 + Level 13.0 Spellcasting
 + Level 13.2 Hexes


You had 26 spell levels left.
You knew the following spells:

 Your Spells              Type           Power      Damage    Failure   Level
a - Ensorcelled Hibernat  Hex/Ice        66%        N/A       1%          2
b - Tukima's Dance        Hex            54%        N/A       1%          3
c - Dazzling Flash        Conj/Hex       66%        N/A       1%          3
d - Confusing Touch       Hex            54%        N/A       1%          3
e - Apportation           Tloc           22%        N/A       6%          1

Your spell library contained the following spells:

 Spells                   Type           Power      Damage    Failure   Level
 Portal Projectile        Hex/Tloc       66%        N/A       1%          3
 Fulminant Prism          Conj/Hex       16%        3d11      4%          4
 Leda's Liquefaction      Hex/Erth       16%        N/A       4%          4
 Magic Dart               Conj           44%        1d5       6%          1
 Necrotise                Necr           44%        1d6       6%          1
 Searing Ray              Conj           22%        2d5       10%         2
 Call Canine Familiar     Summ           11%        N/A       19%         3
 Vampiric Draining        Necr           11%        2d6       19%         3
 Agony                    Necr           11%        N/A       86%         5
 Alistair's Intoxication  Tmut/Pois      7%         N/A       86%         5


Dungeon Overview and Level Annotations

Branches:
Dungeon (13/15)            Temple (1/1) D:7            Lair (0/5) D:11
    Orc (0/2) D:12         Vaults (0/5) D:13         Bailey (visited)

Altars:
Cheibriados
Dithmenos
Elyvilon
Fedhas
Gozag
Makhleb
Nemelex Xobeh
Qazlal
Uskayaw
Vehumet
Wu Jian
Xom
Yredelemnul

Shops:
D:2 ?   D:9 !

Annotations:
D:12 Frances


Innate Abilities, Weirdness & Mutations

You are very small and have problems with some larger weapons.
You are too small for most types of armour.
You have supernaturally acute eyesight. (SInv)
You cover ground extremely quickly. (Speed+++)
You have a pair of small horns on your head.
You expend magic power (3 MP) to strengthen your wands.


Message History

The fiery explosion engulfs you!
The fiery explosion engulfs the green ugly thing!!
Flame seeps out of the green ugly thing.
The green ugly thing is heavily wounded.
The fiery explosion engulfs the seven-headed hydra!!
Flame seeps out of the seven-headed hydra.
The seven-headed hydra is heavily wounded.
You are engulfed in blazing flames.
The seven-headed hydra is engulfed in blazing flames.
Flame seeps out of the seven-headed hydra.
The green ugly thing is engulfed in blazing flames.
Flame seeps out of the green ugly thing.
Unknown command.
The brown ugly thing is engulfed in blazing flames.
Flame seeps out of the brown ugly thing.
The seven-headed hydra is engulfed in blazing flames.
Flame seeps out of the seven-headed hydra.
The green ugly thing is engulfed in blazing flames.
Flame seeps out of the green ugly thing.
The vault guard is engulfed in blazing flames.
Flame seeps out of the vault guard.
The brown ugly thing is engulfed in blazing flames.
Flame seeps out of the brown ugly thing.
Aiming: Iceblast
Press: ? - help, Shift-Dir - straight line, f - seven-headed hydra
Aim: a seven-headed hydra (flame, almost dead, inner flame, umbra)
You feel a surge of power!
The mass of ice explodes!
The iceblast engulfs the seven-headed hydra!!
Dithmenos accepts your kill.
The iceblast engulfs the green ugly thing!
Flame seeps out of the green ugly thing.
The green ugly thing is almost dead.
The seven-headed hydra explodes!
The fiery explosion engulfs the green ugly thing!!!
Dithmenos accepts your kill.
The fiery explosion engulfs the brown ugly thing!!!
Dithmenos accepts your kill. The fiery explosion engulfs you!!!
Ouch! That really hurt!
You die...

###########
#########..........
#................).
#.#...##...@...##
#.#..####.§§§.##
######.#.## ##§§§##
#......#.## ##§##
#.........## #.°pp.#
#..........##.#COp#.#
+!.....#....# ..op. #
#......#....+...∩...
#####'##....#.......#


You could see 4 vault guards, a two-headed ogre (inner flame), a cyclops (inner
flame) and an orc wizard (inner flame).

Vanquished Creatures
  Josephine (D:11)
  A boulder beetle (D:12)
  3 hydras
  A centaur warrior (D:13)
  Urug (D:11)
  5 skeletal warriors (D:12)
  4 cyclopes
  A deep elf pyromancer (D:13)
  2 ugly things (D:13)
  Maurice (D:10)
  Maggie (D:6)
  2 unseen horrors
  3 kobold demonologists (D:11)
  A komodo dragon (D:10)
  6 trolls
  3 meliai (D:13)
  2 hornets (D:10)
  9 slime creatures (D:12)
  4 wraiths (D:10)
  Sigmund (D:5)
  4 basilisks
  2 vampires (D:12)
  24 yaks
  4 wyverns
  Grum (D:9)
  2 steam dragons (D:8)
  Edmund (D:5)
  An acid dragon (D:6)
  6 water moccasins
  2 floating eyes (D:10)
  2 ice beasts
  11 orc warriors
  3 sky beasts
  5 black bears
  4 centaurs
  3 wolves (D:9)
  A phantom (D:5)
  24 kobold brigands
  2 bullfrogs
  A necrophage (D:6)
  A scorpion (D:4)
  A wight (D:10)
  9 killer bees
  4 howler monkeys
  A hound (D:7)
  A jelly (D:6)
  6 orc priests
  A gnoll bouda (D:9)
  2 iguanas (D:5)
  14 orc wizards
  7 adders
  8 gnolls
  2 shadow imps (D:6)
  2 white imps
  An ufetubus (D:6)
  A worm (D:3)
  7 dart slugs
  39 orcs
  11 endoplasms
  5 giant cockroaches
  19 goblins
  7 hobgoblins
  5 jackals
  36 kobolds
  3 quokkas
  3 ball pythons
  7 bats
  4 frilled lizards
  6 rats
368 creatures vanquished.

Vanquished Creatures (collateral kills)
  Rupert (D:12)
  An orc warrior (D:8)
  An ogre (D:6)
  A kobold brigand (D:10)
  A howler monkey (D:10)
  A hound (D:6)
  An orc priest (D:8)
  4 orc wizards
  A gnoll (D:4)
  10 orcs
  7 kobolds
29 creatures vanquished.

Vanquished Creatures (others)
  12 dancing weapons
  2 bushes (D:11)
  4 fungi (D:11)
  22 plants (D:11)
40 creatures vanquished.

Grand Total: 437 creatures vanquished

Notes
Turn   | Place    | Note
-------+----------+-------------------------------------------
     0 | D:1      | Pereli the Spriggan Enchanter began the quest for the Orb.
     0 | D:1      | Reached XP level 1. HP: 9/9 MP: 5/5
   244 | D:1      | Reached XP level 2. HP: 13/13 MP: 7/7
   247 | D:1      | Learned a level 2 spell: Ensorcelled Hibernation
   658 | D:2      | Found Ryrath's Magic Scroll Emporium.
   662 | D:2      | Bought a scroll of noise for 11 gold pieces
  1267 | D:2      | Reached XP level 3. HP: 16/16 MP: 9/9
  1271 | D:2      | Learned a level 3 spell: Tukima's Dance
  1275 | D:2      | Learned a level 3 spell: Confusing Touch
  1282 | D:2      | Found a stormy altar of Qazlal.
  1767 | D:1      | Found a faded altar of an unknown god.
  3028 | D:3      | Reached XP level 4. HP: 21/21 MP: 11/11
  3058 | D:3      | Reached skill level 5 in Hexes
  3153 | D:3      | Found an opulent altar of Gozag.
  4191 | D:4      | Learned a level 3 spell: Dazzling Flash
  4334 | D:4      | Noticed a scorpion
  4349 | D:4      | Killed a scorpion
  4350 | D:4      | Reached skill level 5 in Spellcasting
  4350 | D:4      | Reached XP level 5. HP: 24/24 MP: 7/13
  4781 | D:4      | Found a white marble altar of Elyvilon.
  4812 | D:4      | You fall into a shaft and drop 2 floors!
  4860 | D:6      | Reached skill level 5 in Stealth
  4860 | D:6      | Reached XP level 6. HP: 15/28 MP: 2/15
  5015 | D:5      | Entered Level 5 of the Dungeon
  5022 | D:5      | Identified the +1 rapier of Infection {spect, Dex+2}
  5407 | D:3      | Reached skill level 6 in Stealth
  6245 | D:5      | Reached XP level 7. HP: 27/32 MP: 15/17
  6476 | D:5      | Reached skill level 7 in Stealth
  6596 | D:5      | Noticed Edmund
  6612 | D:5      | Killed Edmund
  6671 | D:5      | Noticed Sigmund
  6677 | D:5      | Killed Sigmund
  6678 | D:5      | Reached skill level 8 in Stealth
  6678 | D:5      | Reached XP level 8. HP: 36/36 MP: 13/20
  6755 | D:6      | Noticed Maggie
  6766 | D:6      | Killed Maggie
  6940 | D:6      | Reached skill level 9 in Stealth
  7230 | D:6      | Identified the +6 falchion of Insomnia {drain, *Noise rElec
                  | Str+5 Int+4}
  7455 | D:6      | Found a shadowy altar of Dithmenos.
  7464 | D:6      | Became a worshipper of Dithmenos the Shadowed
  7517 | D:6      | Found a snail-covered altar of Cheibriados.
  7650 | D:6      | Reached skill level 10 in Stealth
  8078 | D:6      | Reached XP level 9. HP: 39/39 MP: 21/23
  8865 | D:7      | Reached skill level 1 in Fighting
  9243 | D:7      | Found a staircase to the Ecumenical Temple.
  9278 | D:7      | Reached * piety under Dithmenos
  9529 | Temple   | Entered the Ecumenical Temple
  9775 | D:7      | Reached skill level 11 in Stealth
 10158 | D:8      | Found a flagged portal.
 10182 | Bailey   | Entered a bailey
 10393 | Bailey   | Reached skill level 10 in Hexes
 10432 | Bailey   | Reached skill level 5 in Dodging
 11053 | D:8      | Reached XP level 10. HP: 47/47 MP: 24/24
 11190 | D:8      | Reached ** piety under Dithmenos
 11191 | D:8      | Reached skill level 10 in Spellcasting
 11210 | D:8      | Identified the +1 robe of Watchfulness {rElec rC+ Will+
                  | Str-4 Int+4}
 11560 | D:8      | Gained mutation: Your spells are a little easier to cast,
                  | but a little less powerful. [potion of mutation]
 12364 | D:9      | Reached skill level 12 in Stealth
 12835 | D:9      | Noticed Grum
 12853 | D:9      | Killed Grum
 12982 | D:9      | Noticed an eight-headed hydra
 12988 | D:9      | Killed an eight-headed hydra
 12989 | D:9      | Reached skill level 5 in Short Blades
 13153 | D:9      | Found Lelalelu's Distillery.
 13161 | D:9      | Bought a potion of curing for 33 gold pieces
 13161 | D:9      | Bought a potion of curing for 33 gold pieces
 13161 | D:9      | Bought a potion of curing for 33 gold pieces
 13161 | D:9      | Bought a potion of curing for 33 gold pieces
 13218 | D:9      | Found an iron altar of Okawaru.
 13220 | D:9      | Found a shimmering altar of Xom.
 13220 | D:9      | Found a sacrificial altar of Ru.
 13222 | D:9      | Found a stormy altar of Qazlal.
 13222 | D:9      | Found a bloodstained altar of Trog.
 13222 | D:9      | Found a hazy altar of Hepliaklqana.
 13544 | D:10     | Entered Level 10 of the Dungeon
 13740 | D:10     | Reached XP level 11. HP: 53/53 MP: 19/26
 13792 | D:10     | Noticed Maurice
 13805 | D:10     | Killed Maurice
 14226 | D:10     | Reached skill level 13 in Stealth
 14231 | D:10     | Reached *** piety under Dithmenos
 14475 | D:11     | Found a staircase to the Lair.
 14503 | D:11     | Noticed an eight-headed hydra
 14507 | D:11     | Noticed Josephine
 14946 | D:10     | Found a hide-covered altar of Uskayaw.
 14947 | D:10     | Found a basalt altar of Yredelemnul.
 14947 | D:10     | Found a radiant altar of Vehumet.
 15101 | D:10     | Reached **** piety under Dithmenos
 15442 | D:11     | Killed Josephine
 15443 | D:11     | Reached skill level 5 in Fighting
 15575 | D:11     | Lost mutation: Your spells are a little easier to cast, but
                  | a little less powerful. [potion of mutation]
 15575 | D:11     | Gained mutation: You have a pair of small horns on your
                  | head. [potion of mutation]
 15575 | D:11     | Gained mutation: You expend magic power (3 MP) to
                  | strengthen your wands. [potion of mutation]
 15644 | D:11     | Reached skill level 14 in Stealth
 15811 | D:11     | Noticed Urug
 15820 | D:11     | Killed Urug
 15980 | D:11     | Reached XP level 12. HP: 60/60 MP: 25/28
 16134 | D:11     | Killed an eight-headed hydra
 16956 | D:11     | Reached ***** piety under Dithmenos
 17135 | D:11     | Learned a level 1 spell: Apportation
 17257 | D:12     | Noticed a boulder beetle
 17264 | D:12     | Killed a boulder beetle
 17475 | D:12     | Found a staircase to the Orcish Mines.
 17508 | D:12     | Reached skill level 10 in Dodging
 17508 | D:12     | Reached skill level 15 in Stealth
 18119 | D:12     | Noticed Rupert
 18216 | D:12     | Paralysed by Rupert for 4 turns
 18256 | D:12     | Killed Rupert
 18615 | D:12     | Reached XP level 13. HP: 65/65 MP: 30/30
 18629 | D:12     | Noticed Frances
 19502 | D:13     | Found a gate to the Vaults.
 19511 | D:13     | Killed by an exploding seven-headed hydra... ignited by
                  | their inner flame

Illustrated notes

Levels and vault maps discovered:
D:1:      onia_arrival_handbag, layout_basic,
          shapermc_ecumenical_altar_mp_ritualfount, kennysheep_another_room
D:2:      layout_loops_ring, basic_altar, serial_shops,
          nicolae_shop_behind_doors
D:3:      layout_basic, nicolae_overflow_crystal_walls,
          minmay_misc_feat_diagonals
D:4:      layout_loops_cross, marbit_many_paths, minmay_misc_feat_ornament,
          hangedman_abyss_or_decor_passed, grunt_ministairs_15
D:5:      layout_basic, sigmund_edmund_badplayer
D:6:      layout_basic, nicolae_dithmenos_the_darkroom, cheibriados_altar_1,
          minmay_manual_mail, uniq_maggie
D:7:      layout_basic, minmay_temple_entry_tees, nrook_loot_triangle,
          minmay_fractal_squares_gapless_5
D:8:      layout_gridville, enter_bailey_5
D:9:      layout_basic, doesnt_xom_only_xom, serial_shops, shop,
          minmay_misc_feat_encased, uniq_grum
D:10:     layout_cave_pods, chequers_temple_overflow_statue_of_worship,
          grunt_ministairs_10, onia_ninara_cookie, uniq_maurice
D:11:     layout_roguey [special_room_kobold], minmay_lair_entry_grove,
          serial_corexii_hall, chequers_hall_statues_y, corexii_hall_statues_i,
          uniq_urug, uniq_josephine
D:12:     layout_loops_cross, orc_0_dummy, chequers_serial_rivers_room_a,
          kennysheep_doodads, corexii_corridor_pit, uniq_frances, uniq_rupert
D:13:     layout_roguey, lightli_vaults_fourway_checkpoint
Temple:   zaba_magenta_temple

Skill      XL: |  1  2  3  4  5  6  7  8  9 10 11 12 13 |
---------------+----------------------------------------+-----
Spellcasting   | 3 4 5 6 7 9 10 11 12 13 | 13.0
Hexes          | 4 5 6 7 9 10 11 12 13 | 13.2
Stealth        | 5 6 8 10 11 12 14 15 | 15.7
Dodging        | 5 7 9 10 | 10.8
Fighting       | 2 4 5 6 |  6.5
Short Blades   | 3 5 7 8 |  8.7

Action                   |  1- 3 |  4- 6 |  7- 9 | 10-12 | 13-15 || total
-------------------------+-------+-------+-------+-------+-------++-------
Melee: Dagger            |   172 |   139 |   290 |   471 |    16 ||  1088
       Punch             |     4 |       |     4 |     5 |       ||    13
       Rapier            |       |     3 |       |       |       ||     3
       Headbutt          |       |       |       |    50 |     2 ||    52
Throw: Dart              |       |       |       |     6 |       ||     6
 Cast: Ensorcelled Hiber |     7 |    41 |    63 |   164 |     9 ||   284
       Confusing Touch   |       |     2 |     8 |    10 |       ||    20
       Tukima's Dance    |       |     6 |    26 |    29 |     3 ||    64
Evoke: Wand              |       |       |       |     7 |     4 ||    11
  Use: Scroll            |    12 |     4 |     5 |    14 |     4 ||    39
       Potion            |       |     1 |     3 |     5 |     1 ||    10
 Stab: Sleeping          |    23 |    36 |    39 |   104 |    12 ||   214
       Confused          |       |     2 |     9 |    11 |       ||    22
       Distracted        |       |       |     1 |     1 |       ||     2
Armor: Robe              |    22 |    18 |    29 |       |       ||    69
       Steam dragon scal |       |       |       |    59 |     4 ||    63
Dodge: Dodged            |   111 |    92 |   217 |   371 |    15 ||   806

Table legend: (Time is in decaauts)
 A = Elapsed time spent in this place.
 B = Non-inter-level travel time spent in this place.
 C = Inter-level travel time spent in this place.
 D = Time resting spent in this place.
 E = Time spent auto-exploring this place.
 F = Levels seen in this place.
 G = Mean time per level.
                   A        B        C        D        E       F      G
               +--------+--------+--------+--------+--------+-----+--------+
         Total |  15791 |  15553 |    238 |   2635 |   9913 |  15 | 1052.7 |
       Dungeon |  15419 |  15181 |    238 |   2577 |   9736 |  13 | 1186.1 |
        Temple |      1 |      1 |      0 |      0 |      0 |   1 |    1.0 |
        Bailey |    370 |    370 |      0 |     58 |    176 |   1 |  370.0 |
               +--------+--------+--------+--------+--------+-----+--------+

Top non-repeatable levels by time:
     D:6: 1630 daAuts
     D:9: 1469 daAuts
    D:11: 1448 daAuts
    D:12: 1437 daAuts
     D:7: 1383 daAuts
     D:1: 1374 daAuts
    D:10: 1320 daAuts
     D:8: 1161 daAuts
     D:4: 1138 daAuts
     D:3: 1067 daAuts
     D:2: 1030 daAuts
     D:5: 507 daAuts
    D:13: 449 daAuts
  Bailey: 370 daAuts
  Temple: 1 daAuts
